 Dungeon Sprint DCSS version 0.19-a0-1107-gc676ff4 (webtiles) character file.

6 Kidiri the Sneak (level 1, 0/9 HPs)
             Began as a Spriggan Enchanter on Aug 9, 2016.
             Killed by nerve-wracking pain
             ... invoked by Jessica
              (9 damage)
             ... in the Dungeon (Sprint III: "The Ten Rune Challenge").
             The game lasted 00:00:33 (232 turns).

Kidiri the Sneak (Spriggan Enchanter)                Turns: 232, Time: 00:00:34

Health: 0/9        AC:  3    Str:  4    XL:     1   Next: 75%
Magic:  4/5        EV: 19    Int: 16    God:
Gold:   0          SH:  0    Dex: 16    Spells: 1 memorised, 5 levels left

rFire  . . .     SeeInvis +     a - +1 dagger
rCold  . . .     Gourm    .     b - +1 robe
rNeg   . . .     Faith    .     (shield restricted)
rPois  .         Spirit   .     (helmet restricted)
rElec  .         Dismiss  .     (no cloak)
rCorr  .         Reflect  .     (gloves unavailable)
SustAt .         Harm     .     (boots unavailable)
MR     .....     NoTele   +     (no amulet)
Stlth  +++.......               (no ring)
                                (no ring)

@: very quick
A: unfitting armour, see invisible, herbivore 3, speed 3, slow metabolism 2
a: no special abilities


You were in the Dungeon.
You were not hungry.

You visited 1 branch

Inventory:

Hand Weapons
 a - a +1 dagger (weapon)
Armour
 b - a +1 robe (worn)
Scrolls
 j - a scroll of blinking
Potions
 e - a potion of curing
 f - a potion of heal wounds
 g - a potion of haste
 h - 2 potions of magic
 i - a potion of berserk rage
Books
 c - a book of Maledictions

   Spells                             Type                      Level
   a - Corona                         Hexes                        1
   b - Ensorcelled Hibernation        Hexes/Ice                    2
   c - Confuse                        Hexes                        3
   d - Tukima's Dance                 Hexes                        3
   e - Dazzling Spray                 Conjuration/Hexes            3
Comestibles
 d - a bread ration


   Skills:
 + Level 0.2 Fighting
 * Level 1.9 Short Blades
 + Level 0.7 Armour
 * Level 3.5 Dodging
 * Level 5.0 Stealth
 * Level 3.2 Spellcasting
 + Level 3.9 Hexes


You had 5 spell levels left.
You knew the following spells:

 Your Spells              Type           Power        Failure   Level  Hunger
a - Corona                Hex            ###....      4%          1    None


Dungeon Overview and Level Annotations

Branches:
Dungeon (1/1)

Altars:

Annotations:
D Jessica


Innate Abilities, Weirdness & Mutations

You are tiny and cannot use many weapons and most armour.
You have supernaturally acute eyesight. (SInv)
You are a herbivore.
You cover ground extremely quickly.
You need consume almost no food.


Message History

You start waiting.
You open the door.
A rat and Jessica come into view.
Found a scroll labeled TUX SIAFEI.
There is an open door here.
The helpless rat fails to defend itself.
You impale the rat!!
You kill the rat!
Your Stealth skill increases to level 5!
Jessica barely misses you.
Casting: Corona
Confirm with . or Enter, or press ? or * to list all spells.
Aiming: Corona
Press: ? - help, Shift-Dir - straight line, f - Jessica
Aim: Jessica, wielding a dagger and wearing a robe (chance to defeat MR: 61%) Jessica is outlined in light.
Jessica gestures at you while chanting. Pain shoots through your body!
Ouch! That really hurt!
You die...

▓▓▓▓
▓<.#
▓..#
▓#'####
▓.....#
▓%....#
▓....[#
▓####'#
▓?.@@.#
▓.....#
▓.....#
▓+#####


You could see Jessica.

Vanquished Creatures
  An ooze (D)
  2 rats (D)
3 creatures vanquished.

Vanquished Creatures (others)
  2 draconian scorchers (D)
  A yaktaur (D)
  6 hellions (D)
9 creatures vanquished.

Grand Total: 12 creatures vanquished

Notes
Turn   | Place    | Note
-------+----------+-------------------------------------------
     0 | D        | Kidiri the Spriggan Enchanter began the quest for the Orb.
     0 | D        | Reached XP level 1. HP: 9/9 MP: 5/5
    91 | D        | Killed a yaktaur
   116 | D        | Killed a hellion
   116 | D        | Killed a hellion
   117 | D        | Killed a hellion
   127 | D        | Killed a hellion
   151 | D        | Killed a hellion
   153 | D        | Killed a hellion
   158 | D        | Killed a white draconian scorcher
   159 | D        | Killed a white draconian scorcher
   229 | D        | Noticed Jessica
   231 | D        | Reached skill level 5 in Stealth
   232 | D        | Killed from afar by Jessica

Vault maps used:
D:        dungeon_sprint_mu

Skill      XL: |  1 |
---------------+----+-----
Spellcasting   | 3 |  3.2
Stealth        | 5 |  5.0
Fighting       | |  0.2
Short Blades   | |  1.9
Armour         | |  0.7
Dodging        | |  3.5
Hexes          | |  3.9

Action                   || total
-------------------------++-------
Melee: Dagger            ||    16
 Cast: Corona            ||     3
 Stab: Sleeping          ||     1
Dodge: Dodged            ||    14
